cohdb
Replays
Latest Replays
All Replays
Popular Replays
Top Player Replays
Match Explorer
How It Works
Community
CoH3 Stats
Reddit
Sign in to upload your games and track your stats! →
Sign in with Steam
Match 39630445
Unlisted
Match 39630445
Overview
Messages
Build Orders
End
Panzergrenadier Squad
Selects Panzerjäger Kommand Battlegroup
Selects Mine Fields
Panzergrenadier Squad
250 Light Carrier
Construct Light Support Kompanie
Assault Grenadier Squad
Construct Mechanized Kompanie
Support Armor Elements
le.IG 18 Mechanized Group
StuG III D Assault Gun
StuG III D Assault Gun
Selects Tank Busters
Selects Crew Shock Tactics
2.5-tonne Medical Truck
StuG III D Assault Gun
Pak 38 Anti-tank Gun Team
Construct Panzerarmee Kommand
Veteran Squad Leaders
Emergency Repair Kits
Construct Panzerarmee Kommand
Armored Reserves
Tungsten Core Ammunition
Tiger Heavy Tank
Selects Elefant Tank Destroyer
Selects Anti-tank Overwatch
Selects Defensive Positions
Selects Butterfly Bomb Drop
Butterfly Bomb Drop
Anti-tank Overwatch
Butterfly Bomb Drop
Saueee
pipiku
marcmorn
Haribo_Sneakers
0
0
Comments
sign in to comment!
No comments posted yet!